 Dungeon Crawl Stone Soup version 0.16.0-12-g7215832 (webtiles) character file.

576 SirDieALot the Conjurer (level 7, -9/36 HPs)
             Began as a Deep Elf Conjurer on Mar 18, 2015.
             Was an Initiate of Sif Muna.
             Mangled by a warg (15 damage)
             ... led by the fury of Okawaru
             ... on level 5 of the Dungeon.
             The game lasted 00:42:58 (5583 turns).

SirDieALot the Conjurer (Deep Elf Conjurer)         Turns: 5583, Time: 00:43:00

Health: -9/36      AC:  3    Str: 11    XL:     7   Next: 12%
Magic:  13/24      EV: 13    Int: 22    God:    Sif Muna [......]
Gold:   93         SH:  0    Dex: 15    Spells: 5 memorised, 5 levels left

rFire  . . .     SeeInvis .     B - +2 dagger (holy)
rCold  . . .     Clarity  .     a - +0 robe
rNeg   . . .     SustAb   .     (no shield)
rPois  +         Gourm    .     (no helmet)
rElec  .         Spirit   .     h - +0 cloak
rCorr  .         Warding  .     (no gloves)
rMut   .         Stasis   .     (no boots)
MR     .....                    y - amulet of regeneration
Stlth  +++.......               o - ring of poison resistance
                                q - +6 ring of strength

@: not resistant to hostile enchantments, fairly stealthy
A: no striking features
a: Renounce Religion


You were on level 5 of the Dungeon.
You worshipped Sif Muna.
Sif Muna was noncommittal.
You were hungry.

You visited 2 branches of the dungeon, and saw 6 of its levels.

You collected 189 gold pieces.
You spent 96 gold pieces at shops.

Inventory:

Hand weapons
 z - a +0 dagger
 B - a +2 dagger of holy wrath (weapon)
 D - a cursed -1 flail
Missiles
 b - 6 poisoned needles
Armour
 a - a +0 robe (worn)
 e - a +0 robe
 h - a +0 cloak (worn)
 n - a +0 robe
Jewellery
 d - an uncursed ring of flight
 o - a ring of poison resistance (right hand)
 q - a +6 ring of strength (left hand)
 x - an uncursed ring of flight
 y - an amulet of regeneration (around neck)
Scrolls
 f - a scroll of teleportation {unknown}
 g - 2 scrolls of remove curse
 j - a scroll of amnesia {unknown}
 k - a scroll of random uselessness {unknown}
 m - 4 scrolls of identify
 r - a scroll of immolation {unknown}
 s - a scroll of magic mapping {unknown}
 u - a scroll of fog {unknown}
 v - a scroll of enchant armour {unknown}
 E - a scroll of recharging {unknown}
Potions
 i - 2 potions of magic
 l - 5 potions of heal wounds
 p - a potion of resistance {unknown}
 t - a potion of poison {unknown}
 A - 2 potions of curing {unknown}
Books
 c - a book of Conjurations

   Spells                             Type                      Level
   a - Magic Dart                     Conjuration                  1
   b - Searing Ray                    Conjuration                  2
   c - Dazzling Spray                 Conjuration/Hexes            3
   d - Fulminant Prism                Conjuration/Hexes            4
   e - Iskenderun's Mystic Blast      Conjuration                  4
   f - Iskenderun's Battlesphere      Conjuration/Charms           5
Comestibles
 w - 2 bread rations
 C - 4 chunks of flesh
 F - a meat ration


   Skills:
 + Level 0.2 Fighting
 + Level 3.0 Dodging
 + Level 3.7 Stealth
 + Level 6.6 Spellcasting
 + Level 7.3 Conjurations
 + Level 0.6 Hexes


You had 5 spell levels left.
You knew the following spells:

 Your Spells              Type           Power        Failure   Level  Hunger
a - Magic Dart            Conj           ####         1%          1    None
b - Searing Ray           Conj           #####.       1%          2    None
c - Dazzling Spray        Conj/Hex       ####....     6%          3    #......
d - Fulminant Prism       Conj/Hex       ####......   17%         4    ###....
e - Iskenderun's Mystic   Conj           #####...     4%          4    ###....


Dungeon Overview and Level Annotations

Branches:
Dungeon (5/15)             Temple (1/1) D:4

Altars:
Ashenzari
Dithmenos
Fedhas
Kikubaaqudgha
Okawaru
Sif Muna
Vehumet
Xom
Yredelemnul
Zin

Shops:
D:5 !


Message History

Aim: a hill giant, wielding a giant club (durably summoned)
The orb of energy hits the hill giant.
The hill giant is moderately wounded.
The orb of energy explodes!
You are feeling hungry.
The warg bites you. The orc hits you with a whip!
* * * LOW HITPOINT WARNING * * *
The orc knight barely misses you.
Casting: Iskenderun's Mystic Blast
Confirm with . or Enter, or press ? or * to list all spells.
Aiming: Iskenderun's Mystic Blast
Press: ? - help, Shift-Dir - straight line, f/p - hill giant
Aim: a hill giant, wielding a giant club (moderately wounded, durably summoned)
The orb of energy hits the hill giant.
The hill giant is moderately wounded.
The orb of energy explodes!
The mystic blast hits the orc knight.
The mystic blast hits the orc.
You kill the orc!
That felt strangely unrewarding.
The warg bites you!
You die...

......÷..###
...........##
#........>..##
###..........##
####..........### ..
.# ##...........##
#... .#
##...♣.......##.....
.## #....^......h..#
..# #..♣∩♣..ooC@o.#
..# ##...........##
...# #..♣..o....##
...## ##.........#
....###....h...#..#
...............##.#
.........####### ..#
.....C.### ..#
.....#### #.


You could see 2 orc knights, a hill giant, 2 wargs, an orc priest (frenzied) and
an orc (frenzied).

Vanquished Creatures
  An ogre (D:5)
  A phantom (D:4)
  2 crimson imps (D:5)
  A hound (D:4)
  An orc wizard (D:5)
  A worker ant (D:5)
  An orc priest (D:3)
  Robin (D:4)
  A gnoll (D:1)
  8 adders
  5 worms
  5 giant geckos
  An ooze (D:1)
  15 orcs
  A giant cockroach (D:1)
  11 goblins
  12 hobgoblins
  5 jackals
  12 kobolds
  2 quokkas
  2 ball pythons
  6 bats
  4 giant newts
  7 rats
106 creatures vanquished.

Notes
Turn   | Place    | Note
--------------------------------------------------------------
     0 | D:1      | SirDieALot, the Deep Elf Conjurer, began the quest for the Orb.
     0 | D:1      | Reached XP level 1. HP: 10/10 MP: 5/5
   471 | D:1      | Reached XP level 2. HP: 15/15 MP: 6/8
   511 | D:1      | Learned a level 2 spell: Searing Ray
   859 | D:1      | Reached skill level 5 in Conjurations
  1314 | D:1      | Reached XP level 3. HP: 19/19 MP: 6/11
  1745 | D:2      | Learned a level 3 spell: Dazzling Spray
  1992 | D:2      | Reached XP level 4. HP: 24/24 MP: 6/14
  2120 | D:2      | Found an iron altar of Okawaru.
  2129 | D:2      | Became a worshipper of Warmaster Okawaru
  2305 | D:2      | Found a glowing silver altar of Zin.
  2305 | D:2      | Found a blossoming altar of Fedhas.
  2530 | D:2      | You fall through a shaft!
  2795 | D:3      | Reached skill level 6 in Conjurations
  2807 | D:3      | Learned a level 4 spell: Fulminant Prism
  2823 | D:3      | Found a shimmering altar of Xom.
  2972 | D:3      | Reached XP level 5. HP: 28/28 MP: 14/18
  3502 | D:4      | Found a staircase to the Ecumenical Temple.
  3608 | D:4      | Reached skill level 5 in Spellcasting
  3764 | D:4      | Noticed a phantom
  3772 | D:4      | Killed a phantom
  3772 | D:4      | Reached XP level 6. HP: 32/32 MP: 5/21
  3870 | D:4      | Learned a level 4 spell: Iskenderun's Mystic Blast
  3891 | D:4      | Found a basalt altar of Yredelemnul.
  3947 | D:4      | Noticed Robin
  4636 | D:5      | Entered Level 5 of the Dungeon
  4698 | Temple   | Entered the Ecumenical Temple
  4743 | Temple   | Fell from the grace of Okawaru
  4743 | Temple   | Became a worshipper of Sif Muna the Loreminder
  4881 | D:4      | Killed Robin
  5063 | D:5      | Reached skill level 7 in Conjurations
  5144 | D:5      | Found a radiant altar of Vehumet.
  5247 | D:5      | Reached XP level 7. HP: 36/36 MP: 9/24
  5466 | D:5      | Found Deudeffy's Distillery.
  5512 | D:5      | Bought a potion of magic for 96 gold pieces
  5538 | D:5      | Noticed a hill giant
  5538 | D:5      | Noticed an orc knight
  5580 | D:4      | Noticed a tengu warrior
  5580 | D:4      | Noticed a raven
  5580 | D:4      | Noticed a raven
  5580 | D:4      | Noticed a raven
  5580 | D:4      | Noticed an orc knight
  5583 | D:5      | Mangled by a warg

Action                   |  1- 3 |  4- 6 |  7- 9 || total
-------------------------+-------+-------+-------++-------
Melee: Unarmed           |     5 |       |       ||     5
       Dagger            |       |     4 |       ||     4
 Cast: Magic Dart        |    60 |   143 |    21 ||   224
       Searing Ray       |    13 |    31 |     1 ||    45
       Dazzling Spray    |       |     9 |       ||     9
       Iskenderun's Myst |       |     1 |     2 ||     3
  Use: Scroll            |       |     4 |       ||     4
       Potion            |       |     1 |       ||     1
  Eat: Bread ration      |     1 |     1 |       ||     2
       Chunk             |       |     5 |     1 ||     6
